 Dungeon Crawl Stone Soup version 0.29-a0-243-g602b31c20e (webtiles) character file.

Game seed: 14811347266522375575

383551 dolemite99 the Slayer (level 21, 0/217 (239) HPs)
             Began as a Minotaur Gladiator on Mar 5, 2022.
             Was a High Priest of Jiyva.
             Slain by an iron dragon (4 damage)
             ... on level 2 of the Depths.
             The game lasted 02:05:57 (47970 turns).

dolemite99 the Slayer (Minotaur Gladiator)         Turns: 47970, Time: 02:05:57

HP:   0/217 (239)   AC: 30    Str: 34    XL:     21   Next: 95%
MP:   20/20         EV: 18    Int: 13    God:    Jiyva [*****.]
Gold: 451           SH:  0    Dex: 20    Spells: 17/20 levels left

rFire   + . .      SeeInvis +   a - +7 glaive (vamp)
rCold   + + +      Faith    +   (shield currently unavailable)
rNeg    + . .      Spirit   .   k - +4 plate armour "Yrij" {-Cast rF+ Slay+5 SInv}
rPois   +          Reflect  .   (helmet unavailable)
rElec   .          Harm     .   n - +1 cloak {Will+}
rCorr   +          Rampage  .   y - +2 pair of gloves {Str+3}
Will    +++++      NoCast   +   M - +0 pair of boots
Stlth   ..........              B - amulet of faith
HPRegen 1.90/turn               e - ring of Ceshrean {rPois rC+ Will++ Int+4}
MPRegen 0.62/turn               q - ring of Fragile Peace {rN+ Str+7 Int-2 Dex+4}

@: drained
A: horns 3, retaliatory headbutt, agile 1, clever 1, cold resistance 3,
strong-willed 1, mutation resistance 2, robust 1, gelatinous body 3, pseudopods
3, jelly sensing items
}: 2/15 runes: decaying, serpentine
a: Renounce Religion, Oozemancy, Slimify


You were on level 2 of the Depths.
You worshipped Jiyva.
Jiyva was extremely pleased with you.
You visited 8 branches of the dungeon, and saw 40 of its levels.
You visited the Abyss 2 times.
You also visited: Ice Cave.

You collected 3274 gold pieces.
You spent 2823 gold pieces at shops.

Inventory:

Hand Weapons
 a - a +7 vampiric glaive (weapon)
 b - a +2 lajatang of electrocution
 s - the +11 hand crossbow of Growth {elec, rN+ Will+}
   (You found it on level 3 of the Elven Halls)

   Any ammunition fired from it occasionally discharges a powerful burst of
   electricity upon striking a foe.
   rN:        It protects you from negative energy.
   Will:      It increases your willpower.
 v - the +5 dagger of Gallantry {vorpal, +Blink rN+ SInv Stlth+}
   (You found it on level 6 of the Dungeon)

   It inflicts extra damage upon your enemies.
   rN:        It protects you from negative energy.
   SInv:      It lets you see invisible.
   +Blink:    It lets you blink.
   Stlth:     It makes you more stealthy.
 w - the +8 trident of the Octopus King {venom, rElec rPois}
   (You took it off a deep elf knight on level 3 of the Elven Halls)

   It poisons the flesh of those it strikes.
   rElec:     It insulates you from electricity.
   rPois:     It protects you from poison.
 C - the +8 morningstar "Lyzyer" {drain, rPois rC+ Str-4 Dex+4}
   (You found it on level 7 of the Dungeon)

   A truly terrible weapon, it drains the life of any living foe it strikes.
   Str:       It affects your strength (-4).
   Dex:       It affects your dexterity (+4).
   rC:        It protects you from cold.
   rPois:     It protects you from poison.
 D - the +8 demon trident "Rift" {distort, reach+}
   (You took it off a deep elf demonologist on level 3 of the Elven Halls)

   It warps and distorts space around it, and may blink, banish, or inflict
   extra damage upon those it strikes.
   Unwielding it can cause banishment or high damage.
   It can reach especially far, and its reaching attacks ignore other creatures
   in the way.
Missiles
 d - 4 throwing nets (quivered)
 G - a silver javelin
 Q - 6 poisoned darts
Armour
 g - a +2 hat
 k - the +4 plate armour "Yrij" (worn) {-Cast rF+ Slay+5 SInv}
   (You found it on level 3 of the Swamp)

   Slay:      It affects your accuracy & damage with ranged weapons and melee
   (+5).
   rF:        It protects you from fire.
   SInv:      It lets you see invisible.
   -Cast:     It prevents spellcasting.
 n - a +1 cloak of willpower (worn)
 t - a +4 plate armour of fire resistance
 y - a +2 pair of gloves of strength (worn)
 M - a +0 pair of boots (worn)
Jewellery
 e - the ring of Ceshrean (left hand) {rPois rC+ Will++ Int+4}
   (You bought it in a shop on level 1 of the Snake Pit)

   [ring of protection from cold]

   Int:       It affects your intelligence (+4).
   rC:        It protects you from cold.
   rPois:     It protects you from poison.
   Will:      It greatly increases your willpower.
 p - a ring of protection from cold
 q - the ring of Fragile Peace (right hand) {rN+ Str+7 Int-2 Dex+4}
   (You found it in an ice cave)

   [ring of positive energy]

   Str:       It affects your strength (+7).
   Int:       It affects your intelligence (-2).
   Dex:       It affects your dexterity (+4).
   rN:        It protects you from negative energy.
 r - a ring of poison resistance
 B - an amulet of faith (around neck)
 K - the amulet of Ecsiun {Acrobat Regen+}
   (You found it on level 12 of the Dungeon)

   [amulet of the acrobat]

   It increases your evasion while moving and waiting.
   Regen:     It increases your rate of health regeneration.
 O - the amulet "Buceifaf" {Acrobat rC+ MP-9 Str+4 Int+2}
   (You found it on level 3 of the Lair of Beasts)

   [amulet of the acrobat]

   It increases your evasion while moving and waiting.
   Str:       It affects your strength (+4).
   Int:       It affects your intelligence (+2).
   rC:        It protects you from cold.
   MP:        It affects your magic capacity (-9).
 T - a ring of willpower
 X - a ring of positive energy
Wands
 c - a wand of charming (6)
 i - a wand of mindburst (14)
 S - a wand of polymorph (15)
 U - a wand of digging (33)
Scrolls
 f - a scroll of silence
 h - a scroll of vulnerability
 j - 3 scrolls of blinking
 u - a scroll of teleportation
 x - a scroll of immolation
 F - 6 scrolls of identify {@r1}
 J - 2 scrolls of fog
 N - 2 scrolls of fear
 P - a scroll of holy word
 R - 5 scrolls of noise
Potions
 l - 2 potions of attraction
 o - 4 potions of brilliance
 z - 2 potions of magic
 E - 3 potions of lignification
 I - 2 potions of cancellation
 L - 4 potions of ambrosia
 Y - a potion of curing
Miscellaneous
 m - a phial of floods
 A - a tin of tremorstones (2/2)
 H - a box of beasts
 V - a condenser vane (inert)
 W - a lightning rod (4/4)
 Z - a piece from Xom's chessboard (15/15)


   Skills:
 - Level 25.4 Fighting
 - Level 6.9(13.1) Maces & Flails
 - Level 18.3(21.0) Polearms
 - Level 17.3(20.9) Staves
 - Level 12.7 Throwing
 - Level 21.0 Armour
 - Level 10.2 Dodging
 + Level 13.8 Evocations


You had 17 spell levels left.
You knew the following spells:

 Your Spells              Type           Power      Damage    Failure   Level
a - Swiftness             Air            0%         N/A       97%         3

Your spell library contained the following spells:

 Spells                   Type           Power      Damage    Failure   Level
 Foxfire                  Conj/Fire      0%         2x1d4     71%         1
 Freeze                   Ice            0%         1d3       71%         1
 Magic Dart               Conj           0%         1d3       71%         1
 Pain                     Necr           0%         1d4       71%         1
 Shock                    Conj/Air       0%         1d3       71%         1
 Call Imp                 Summ           0%         N/A       83%         2
 Corpse Rot               Necr/Air       0%         N/A       83%         2
 Ensorcelled Hibernation  Hex/Ice        0%         N/A       83%         2
 Poisonous Vapours        Pois/Air       0%         N/A       83%         2
 Scorch                   Fire           0%         2d5       83%         2
 Static Discharge         Conj/Air       0%         N/A       83%         2
 Sublimation of Blood     Necr           0%         N/A       83%         2
 Wereblood                Tmut           0%         N/A       83%         2
 Call Canine Familiar     Summ           0%         N/A       97%         3
 Conjure Flame            Conj/Fire      0%         6-21      97%         3
 Frozen Ramparts          Ice            0%         1d2       97%         3
 Inner Flame              Hex/Fire       0%         N/A       97%         3
 Mephitic Cloud           Conj/Pois/Air  0%         N/A       97%         3
 Ozocubu's Armour         Ice            0%         N/A       97%         3
 Portal Projectile        Hex/Tloc       0%         N/A       97%         3
 Spider Form              Tmut/Pois      0%         N/A       97%         3
 Airstrike                Air            0%         N/A       100%        4
 Anguish                  Hex/Necr       0%         N/A       100%        4
 Animate Armour           Summ/Erth      0%         N/A       100%        4
 Flame Wave               Conj/Fire      0%         2d4       100%        4
 Hailstorm                Conj/Ice       0%         3d3       100%        4
 Leda's Liquefaction      Hex/Erth       0%         N/A       100%        4
 Petrify                  Tmut/Erth      0%         N/A       100%        4
 Summon Ice Beast         Ice/Summ       0%         N/A       100%        4
 Summon Lightning Spire   Summ/Air       0%         N/A       100%        4
 Agony                    Necr           0%         N/A       100%        5
 Excruciating Wounds      Necr           0%         N/A       100%        5
 Fireball                 Conj/Fire      0%         3d3       100%        5
 Lee's Rapid Deconstruct  Erth           0%         3d5*      100%        5
 Lightning Bolt           Conj/Air       0%         1d11      100%        5
 Metabolic Englaciation   Hex/Ice        0%         N/A       100%        5
 Summon Mana Viper        Hex/Summ       0%         N/A       100%        5
 Dispersal                Tloc           0%         N/A       100%        6
 Eringya's Noxious Bog    Tmut/Pois      0%         N/A       100%        6
 Simulacrum               Ice/Necr       0%         N/A       100%        6
 Starburst                Conj/Fire      0%         6d3       100%        6
 Statue Form              Tmut/Erth      0%         N/A       100%        6
 Haunt                    Necr/Summ      0%         N/A       100%        7
 Monstrous Menagerie      Summ           0%         N/A       100%        7
 Storm Form               Tmut/Air       0%         N/A       100%        7
 Summon Hydra             Summ           0%         N/A       100%        7
 Disjunction              Tloc           0%         N/A       100%        8
 Ignition                 Fire           0%         3d3       100%        8
 Maxwell's Capacitive Co  Air            0%         ∞         100%        8


Dungeon Overview and Level Annotations

Branches:
Dungeon (15/15)            Temple (0/1) D:7            Lair (6/6) D:8
  Swamp (4/4) Lair:2        Snake (4/4) Lair:3        Slime (0/5) Lair:6
    Orc (2/2) D:9             Elf (3/3) Orc:2        Vaults (4/5) D:13
  Crypt (0/3) Vaults:2     Depths (2/4) D:15          IceCv (visited)

Altars:
Ashenzari
Cheibriados
Dithmenos
Hepliaklqana
Kikubaaqudgha
Makhleb
Nemelex Xobeh
Qazlal
Ru
Sif Muna
Vehumet
Wu Jian
Xom
Yredelemnul
The Shining One
Beogh
Jiyva

Shops:
D:4 (   D:7 [   D:9 *   D:11 *   D:12 =   D:14 ?   Orc:2 [!*[(   Elf:1 =
Elf:2 *   Elf:3 [   Snake:1 :==   Snake:4 ([**   Vaults:3 =   Depths:1 [

Portals:
Hell: Depths:1 Depths:2
Abyss: D:13
Ziggurat: Depths:1

Annotations:
D:1 2 transporters
Swamp:3 2 transporters, benadryl's ghost, adept TrBr
Snake:2 1 runed translucent door, Monica's ghost, journeyman TrMo
Elf:2 Nikola


Innate Abilities, Weirdness & Mutations

You have a pair of large horns on your head.
You reflexively headbutt those who attack you in melee.
You are agile. (Dex +2)
Your mind is acute. (Int +2)
Your flesh is almost immune to the effects of cold. (rC+++)
You are strong-willed. (Will+)
You are somewhat resistant to both further mutation and mutation removal.
You are robust. (+10% HP)
Your gelatinous body deflects attacks. (AC +3, EV +3)
Armour fits poorly on your massive pseudopods.
You have a small jelly attached to you that senses nearby items.


Message History

You partially resist.
You feel drained.
* * * LOW HITPOINT WARNING * * *
The spriggan berserker misses you. The death yak barely misses you.
You furiously retaliate!
You headbutt the death yak, but do no damage.
The spriggan defender is struck by lightning.
You kill the spriggan defender!
Your tin of tremorstones (2/2) has regained one charge.
You chop the death yak into pieces!!!
You kill the death yak!
The death yak's corpse disappears in a puff of smoke!
The spriggan berserker hits you but does no damage.
The iron dragon breathes metal splinters at you.
The spray of metal splinters hits you.
* * * LOW HITPOINT WARNING * * *
You hit the hornet but do no damage. You headbutt the hornet!
You kill the hornet!
The spriggan berserker hits you with a +0 quarterstaff!!
* * * LOW HITPOINT WARNING * * *
You closely miss the spriggan berserker.
Your headbutt misses the spriggan berserker.
Your bludgeon misses the spriggan berserker.
The spriggan berserker is heavily wounded.
The spriggan berserker hits you with a +0 quarterstaff.
* * * LOW HITPOINT WARNING * * *
The iron dragon barely misses you.
The iron dragon claws you but does no damage.
The iron dragon completely misses you.
The glowing orange brain is struck by lightning.
You hear a slurping noise.
A vampire knight comes into view. It is wielding a +3 war axe.
You feel better.
The spriggan berserker hits you with a +0 quarterstaff!
* * * LOW HITPOINT WARNING * * *
The glowing orange brain is struck by lightning.
The spriggan berserker hits you with a +0 quarterstaff!!
* * * LOW HITPOINT WARNING * * *
The iron dragon bites you but does no damage.
The iron dragon misses you. The iron dragon tramples you.
You die...

#.......# #.......#
#.......###########
#.......#>.....<... .
#..........#######[ i.
#..........# ...
####.......###### ....
#....§D§....V..##.....
#....@G§.####>........
#....§i§§#..D..D......
#....§§§§§§####'####..
#....§§§§§##.......#
#.......§####.....##
#........#.###2..##
###........#..###'##
#.......##.#...# ..
###.#..<#.#..+...+ ∩.+


You could see an iron dragon (catching breath), a vampire knight, a spriggan
berserker (berserk, regenerating, strong-willed) and a neutral glowing orange
brain (wandering)(fellow slime).

Vanquished Creatures
  An ancient lich (Depths:1)
  Sojobo (Vaults:4)
  the Lernaean hydra (Swamp:4)
  Frederick (Vaults:4)
  A bone dragon (Abyss:2)
  Rupert (Vaults:4)
  Jorgrun (Swamp:1)
  A tentacled monstrosity (Swamp:3)
  A lich (Depths:1)
  3 deep elf blademasters
  2 quicksilver dragons (Snake:4)
  Asterion (Elf:2)
  2 deep elf master archers (Elf:3)
  2 sphinxes
  Donald (Swamp:1)
  Agnes (Vaults:4)
  Roxanne (Swamp:4)
  2 tengu reavers
  6 nagarajas
  A revenant (Vaults:2)
  A draconian knight (Vaults:4)
  A fenstrider witch (Swamp:4)
  A frost giant (D:15)
  6 deep elf sorcerers
  4 orc warlords
  11 vault wardens
  The ghost of Etewkasm the Grappler, a journeyman TrMo of Jiyva (Lair:5)
  4 deep elf elementalists (Elf:3)
  17 ironbound preservers
  2 spriggan defenders (Depths:2)
  2 ironbound thunderhulks
  13 very ugly things
  An ophan (Abyss:2)
  3 eleionomae
  A vampire knight (Depths:1)
  2 stone giants (Depths:1)
  6 deep elf demonologists
  The ghost of mathmaestro the Grappler, a journeyman TrMo (D:13)
  An entropy weaver (Vaults:2)
  11 dire elephants
  3 bunyips
  4 deep elf annihilators (Elf:3)
  A green death (Abyss:2)
  6 deep elf death magi
  4 crystal guardians
  13 yaktaur captains
  5 ettins
  3 ice dragons
  3 deep elf high priests
  19 hydras
  3 peacekeepers
  3 rakshasas
  17 naga warriors
  Fannar (Lair:2)
  3 ogre magi
  3 catoblepae (Lair:5)
  4 salamander tyrants
  11 ironbound frosthearts
  12 vault guards
  6 boulder beetles
  Erica (D:11)
  8 anacondas
  7 centaur warriors
  3 ghost crabs
  10 two-headed ogres
  5 alligators
  3 death yaks
  24 dancing weapons
  7 tengu warriors
  2 deep troll earth magi (Depths:1)
  3 shock serpents
  A vampire mage (Vaults:2)
  The ghost of enile the Fighter, a novice OpWn of Vehumet (D:7)
  5 thrashing horrors (Abyss:2)
  Urug (Lair:2)
  An orc high priest (Orc:2)
  12 spriggans
  12 naga sharpshooters
  21 deep elf knights
  Sonja (D:11)
  3 soul eaters (Depths:1)
  A sixfirhy (D:13)
  4 sun demons (Depths:1)
  An iron troll (Depths:1)
  7 skeletal warriors
  A wretched star (Abyss:2)
  A death drake (shapeshifter) (Elf:1)
  7 goliath frogs
  A salamander mystic (Depths:1)
  2 bunyip zombies (Swamp:4)
  46 deep trolls
  A death drake (Abyss:2)
  3 spriggan druids
  12 deep elf archers
  3 bog bodies
  10 wizards
  5 lindwurms
  Pikel (D:8)
  14 swamp dragons
  8 naga ritualists
  4 orc knights
  9 ironbound convokers
  27 deep elf zephyrmancers
  2 necromancers
  14 mana vipers
  4 harpies (Vaults:4)
  4 large abominations
  3 orc sorcerers (Orc:2)
  32 ugly things
  A sphinx skeleton (Vaults:3)
  33 deep elf pyromancers
  18 salamanders
  4 will-o-the-wisps
  6 manticores
  A frost giant skeleton (Vaults:3)
  6 cyclopes
  A cyclops (shapeshifter) (D:15)
  Maurice (D:9)
  A human skeleton (Vaults:4)
  17 naga magi
  9 elephants
  41 black mambas
  13 guardian serpents
  17 vault sentinels
  2 ice statues (IceCv)
  A stone giant skeleton (Vaults:3)
  2 gargoyles
  7 rime drakes
  A torpor snail (Lair:4)
  21 cane toads
  3 smoke demons
  An unseen horror (Abyss:2)
  3 freezing wraiths
  44 yaktaurs
  14 komodo dragons
  A yaktaur zombie (Vaults:4)
  A queen bee (Lair:5)
  3 polar bears
  4 ancient zymes (Abyss:2)
  4 tengu conjurers
  A meliai (shapeshifter) (D:13)
  7 trolls
  A bloated husk (Swamp:2)
  A tarantella (Vaults:2)
  9 tyrant leeches
  Prince Ribbit (D:9)
  A harpy zombie (Abyss:2)
  14 hornets
  8 dream sheep (Lair:4)
  3 raiju (Abyss:2)
  29 blink frogs
  A culicivora (shapeshifter) (D:13)
  3 air elementals
  3 shadows
  3 vampires
  Eustachio (D:5)
  3 small abominations (Abyss:2)
  3 wyverns
  42 yaks
  4 fire elementals
  A water elemental (Elf:3)
  An elf zombie (Vaults:4)
  3 wraiths
  A steam dragon (D:9)
  2 basilisks
  12 vampire mosquitoes
  2 redbacks (Vaults:2)
  A neqoxec (Abyss:2)
  A two-headed ogre zombie (D:9)
  A swamp worm (shapeshifter) (Elf:2)
  An elf skeleton (Vaults:3)
  2 acid dragons
  5 wargs
  45 nagas
  19 swamp worms
  8 water moccasins
  A hydra simulacrum (Swamp:4)
  The ghost of Hubris850 the Skirmisher, an amateur OgBr (D:3)
  2 sky beasts
  2 black bears
  35 orc warriors
  8 swamp drakes
  2 ice beasts
  3 swamp dragon zombies (Swamp:4)
  22 wolves
  4 boggarts (D:15)
  5 ogres
  8 centaurs
  A lemure (D:7)
  3 kobold brigands
  22 bullfrogs
  A gnoll sergeant (D:8)
  14 wights
  4 earth elementals
  2 scorpions
  A jelly (Elf:1)
  9 killer bees
  2 troll zombies (D:9)
  3 lindwurm simulacra (IceCv)
  2 swamp dragon simulacra (Swamp:4)
  2 howler monkeys (D:7)
  7 electric eels
  2 komodo dragon simulacra (IceCv)
  5 quasits
  Crazy Yiuf (D:3)
  15 orc priests
  2 hounds
  13 iguanas
  16 orc wizards
  5 hell rats (Lair:5)
  5 ogre zombies (D:9)
  3 gnolls
  5 acid dragon simulacra (IceCv)
  4 adders
  2 shadow imps
  A white imp (D:7)
  8 steam dragon simulacra (IceCv)
  A worm (D:2)
  2 dart slugs
  62 orcs
  6 ball pythons
  3 bats
  A giant cockroach (D:4)
  3 goblins
  8 hobgoblins
  2 quokkas
  19 frilled lizards
  4 goblin zombies (D:9)
  5 hobgoblin skeletons (D:9)
  2 hobgoblin zombies (D:9)
  9 kobolds
  2 orc skeletons (D:9)
  8 orc zombies (D:9)
  7 rats
1523 creatures vanquished.

Vanquished Creatures (collateral kills)
  A vault warden (Vaults:3)
  Aizul (Snake:1)
  An ironbound preserver (Vaults:3)
  A deep elf death mage (Elf:3)
  A salamander tyrant (Snake:4)
  A centaur warrior (Vaults:1)
  A naga sharpshooter (Snake:4)
  A shock serpent (Snake:2)
  A sun demon (Depths:1)
  A naga ritualist (Snake:4)
  A deep elf pyromancer (Elf:2)
  3 salamanders (Snake:4)
  A guardian serpent (Snake:4)
  A black mamba (Snake:4)
  A smoke demon (Depths:1)
  A naga mage (Snake:4)
  A yaktaur (Vaults:3)
  A swamp worm (Swamp:2)
  A warg (Orc:2)
  2 nagas (Snake:4)
  An orc priest (Orc:2)
  An orc wizard (Orc:2)
  An orc (Orc:2)
26 creatures vanquished.

Vanquished Creatures (others)
  A bunyip (Swamp:4)
  A yaktaur captain (Vaults:2)
  5 great orbs of eyes
  A boulder beetle (Vaults:2)
  A centaur warrior (Vaults:2)
  A jorogumo (shapeshifter) (Elf:1)
  A dancing weapon (Elf:2)
  A hell hog (D:13)
  A two-headed ogre (D:8)
  A deep elf knight (Elf:1)
  A deep troll (shapeshifter) (Vaults:1)
  A glowing orange brain (shapeshifter) (D:13)
  2 glowing orange brains
  A deep troll (Depths:1)
  4 wizards
  A harpy (Vaults:4)
  A necromancer (Vaults:4)
  2 deep elf pyromancers (Elf:1)
  A deep elf zephyrmancer (Elf:1)
  2 ugly things (Vaults:4)
  An orc sorcerer (Orc:2)
  2 vault sentinels
  A naga mage (Snake:1)
  A cane toad (Lair:6)
  A bloated husk (Swamp:1)
  16 slime creatures
  A dream sheep (Lair:4)
  A blink frog (Lair:2)
  A large abomination (Abyss:2)
  An air elemental (Elf:1)
  Sigmund (D:4)
  A shadow (D:12)
  2 yaks
  2 golden eyes (Abyss:2)
  A warg (Orc:2)
  3 nagas
  An acid dragon (D:12)
  A swamp drake (Swamp:4)
  A floating eye (shapeshifter) (Abyss:2)
  An orc warrior (D:6)
  3 sky beasts
  An ogre (Orc:2)
  2 centaurs
  A lemure (D:8)
  A kobold brigand (D:10)
  4 bullfrogs
  298 jellies
  A hound (D:5)
  6 orc priests
  A hell rat (Lair:5)
  2 iguanas
  9 orc wizards
  2 adders
  A white imp (D:8)
  2 steam dragon simulacra (IceCv)
  A worm (D:3)
  An endoplasm (D:2)
  32 orcs
  2 ball pythons
  A bat (D:2)
  A giant cockroach (D:6)
  A hobgoblin (D:2)
  2 jackals (D:4)
  8 kobolds
  A quokka (D:5)
  A frilled lizard (Lair:4)
  A goblin (D:2)
  A hobgoblin skeleton (D:9)
  A hobgoblin zombie (D:9)
  2 orc zombies (D:9)
  16 foxfires
  87 fungi
  A lurking horror (Abyss:2)
  229 plants
793 creatures vanquished.

Grand Total: 2342 creatures vanquished

Notes
Turn   | Place    | Note
-------+----------+-------------------------------------------
     0 | D:1      | dolemite99 the Minotaur Gladiator began the quest for the
                  | Orb.
     0 | D:1      | Reached XP level 1. HP: 18/18 MP: 0/0
   322 | D:1      | Reached XP level 2. HP: 25/25 MP: 1/1
   812 | D:2      | Found a faded altar of an unknown god.
   849 | D:2      | Reached skill level 5 in Staves
   853 | D:2      | Prayed at the altar of an unknown god.
   853 | D:2      | Became a worshipper of Jiyva Jaiqe the Shapeless
   853 | D:2      | Reached * piety under Jiyva
   923 | D:2      | Reached XP level 3. HP: 30/30 MP: 2/2
  1311 | D:3      | Reached ** piety under Jiyva
  1380 | D:3      | Found a runed translucent door.
  1381 | D:3      | Noticed Crazy Yiuf
  1483 | D:3      | Found a burning altar of Makhleb.
  1611 | D:3      | Found a transporter.
  1619 | D:3      | Found a transporter.
  1621 | D:3      | Noticed Hubris850's ghost (amateur OgBr)
  1938 | D:4      | Reached *** piety under Jiyva
  2007 | D:4      | Gained mutation: You are agile. (Dex +2) [Jiyva's grace]
  2007 | D:4      | Gained mutation: You are very agile. (Dex +4) [Jiyva's
                  | grace]
  2007 | D:4      | Gained mutation: You have large cloven feet. [Jiyva's
                  | grace]
  2007 | D:4      | Gained mutation: You have hoof-like feet. [Jiyva's grace]
  2042 | D:4      | Killed Sigmund
  2537 | D:4      | Found Omedwumm's Antique Weapon Boutique.
  2784 | D:5      | Entered Level 5 of the Dungeon
  2813 | D:5      | Reached XP level 4. HP: 37/37 MP: 3/3
  2817 | D:5      | Noticed a centaur
  2821 | D:5      | Lost mutation: You have hoof-like feet. [potion of
                  | mutation]
  2821 | D:5      | Lost mutation: You have large cloven feet. [potion of
                  | mutation]
  2821 | D:5      | Gained mutation: You have hidden genetic potential. [potion
                  | of mutation]
  2821 | D:5      | Gained mutation: You occasionally shout uncontrollably at
                  | your foes. [potion of mutation]
  2827 | D:5      | Killed a centaur
  2828 | D:5      | Reached XP level 5. HP: 27/42 MP: 4/4
  2841 | D:5      | Gained mutation: You expend magic power (3 MP) to
                  | strengthen your wands. [hidden potential]
  2849 | D:5      | Reached **** piety under Jiyva
  2925 | D:5      | Noticed a black bear
  2928 | D:5      | Killed a black bear
  3018 | D:5      | Found a shimmering altar of Xom.
  3020 | D:5      | Found a sparkling altar of Nemelex Xobeh.
  3158 | D:5      | Reached XP level 6. HP: 48/50 MP: 5/5
  3160 | D:5      | Gained mutation: You have a somewhat thin skeletal
                  | structure. (Dex +2, Stealth+) [hidden potential]
  3160 | D:5      | Lost mutation: You have hidden genetic potential. [hidden
                  | potential expressed]
  3448 | D:5      | Noticed Eustachio
  3491 | D:5      | Killed Eustachio
  3620 | D:6      | Reached XP level 7. HP: 33/56 MP: 6/6
  3623 | D:6      | Reached skill level 10 in Staves
  3976 | D:6      | Found a sacrificial altar of Ru.
  4540 | D:6      | Identified the +5 dagger of Gallantry {vorpal, +Blink rN+
                  | SInv Stlth+}
  4655 | D:7      | Lost mutation: You occasionally shout uncontrollably at
                  | your foes. [Jiyva's grace]
  4655 | D:7      | Gained mutation: Your rubbery body absorbs attacks. (AC +1,
                  | EV +1) [Jiyva's grace]
  4655 | D:7      | Gained mutation: Your pliable body absorbs attacks. (AC +2,
                  | EV +2) [Jiyva's grace]
  4655 | D:7      | Gained mutation: Your gelatinous body deflects attacks. (AC
                  | +3, EV +3) [Jiyva's grace]
  4655 | D:7      | Gained mutation: Your system is resistant to poisons.
                  | (rPois) [Jiyva's grace]
  4666 | D:6      | Reached XP level 8. HP: 62/62 MP: 7/7
  5213 | D:7      | Found Quxtau's Armour Emporium.
  5251 | D:7      | Found a large runed translucent door.
  5251 | D:7      | Found a large runed translucent door.
  5251 | D:7      | Noticed enile's ghost (novice OpWn)
  5307 | D:7      | Identified a scroll of acquirement
  5307 | D:7      | Acquired the +7 quarterstaff of Fixation {vorpal, Str+2
                  | Dex+3}
  5351 | D:7      | Reached XP level 9. HP: 68/68 MP: 8/8
  5370 | D:7      | Found a staircase to the Ecumenical Temple.
  5441 | D:7      | Identified the ring "Inavouqe" {Fly rC++ rN+ Will- Int+3}
  5476 | D:7      | Noticed a purple ugly thing
  5487 | D:7      | Killed a purple ugly thing
  5488 | D:7      | Reached skill level 15 in Staves
  5500 | D:7      | Found a glowing golden altar of the Shining One.
  5657 | D:7      | Identified the +8 morningstar "Lyzyer" {drain, rPois rC+
                  | Str-4 Dex+4}
  6409 | D:8      | Noticed Pikel
  6511 | D:8      | Killed Pikel
  6633 | D:8      | Found a broken altar of Ashenzari.
  6657 | D:8      | Noticed a two-headed ogre
  6670 | D:8      | Killed a two-headed ogre
  6671 | D:8      | Reached XP level 10. HP: 66/74 MP: 9/9
  6726 | D:8      | Found a basalt altar of Yredelemnul.
  6726 | D:8      | Found an ancient bone altar of Kikubaaqudgha.
  6727 | D:8      | Found an ornate altar of the Wu Jian Council.
  6774 | D:8      | Reached skill level 1 in Armour
  6887 | D:8      | Found a staircase to the Lair.
  7232 | D:9      | Noticed Prince Ribbit
  7243 | D:9      | Noticed Maurice
  7284 | D:9      | Killed Maurice
  7288 | D:9      | Killed Prince Ribbit
  7417 | D:9      | Reached skill level 5 in Armour
  7551 | D:9      | Found a shimmering blue altar of Sif Muna.
  7803 | D:9      | Found a staircase to the Orcish Mines.
  7873 | D:9      | Reached skill level 3 in Fighting
  7898 | D:9      | Found Vaigull's Assorted Antiques.
  7906 | D:9      | Bought a scroll of fear for 101 gold pieces
  7906 | D:9      | Bought a scroll of identify for 58 gold pieces
  7906 | D:9      | Bought a sedimented green potion for 26 gold pieces
  7906 | D:9      | Bought a scroll of teleportation for 87 gold pieces
  7906 | D:9      | Bought a scroll of fog for 58 gold pieces
  8002 | D:9      | Reached skill level 4 in Fighting
  8195 | D:10     | Entered Level 10 of the Dungeon
  8482 | D:10     | Lost mutation: You have a somewhat thin skeletal structure.
                  | (Dex +2, Stealth+) [Jiyva's grace]
  8482 | D:10     | Gained mutation: You are covered in slimy tendrils that may
                  | disarm your opponents. [Jiyva's grace]
  8482 | D:10     | Gained mutation: You have sharp toenails. [Jiyva's grace]
  8482 | D:10     | Gained mutation: You have razor-sharp toenails. [Jiyva's
                  | grace]
  8482 | D:10     | Gained mutation: You have claws for feet. [Jiyva's grace]
  8575 | D:10     | Reached skill level 5 in Fighting
  8622 | D:10     | Noticed a gargoyle
  8633 | D:10     | Killed a gargoyle
  8634 | D:10     | Reached skill level 6 in Fighting
  8998 | D:10     | Reached ***** piety under Jiyva
  9252 | Lair:1   | Entered Level 1 of the Lair of Beasts
  9252 | Lair:1   | Noticed a six-headed hydra
  9260 | Lair:1   | Reached skill level 7 in Fighting
  9265 | Lair:1   | Killed a six-headed hydra
  9266 | Lair:1   | Reached skill level 8 in Fighting
  9266 | Lair:1   | Reached XP level 11. HP: 87/94 MP: 10/10
  9358 | Lair:1   | Reached skill level 9 in Fighting
  9620 | Lair:1   | Reached skill level 10 in Fighting
 10172 | Lair:2   | Noticed a boulder beetle
 10180 | Lair:2   | Killed a boulder beetle
 10190 | Lair:2   | Reached skill level 5 in Throwing
 10393 | Lair:2   | Lost mutation: Your gelatinous body deflects attacks. (AC
                  | +3, EV +3) [Jiyva's grace]
 10393 | Lair:2   | Gained mutation: Your gelatinous body deflects attacks. (AC
                  | +3, EV +3) [Jiyva's grace]
 10393 | Lair:2   | Gained mutation: Your muscles are strong. (Str +2) [Jiyva's
                  | grace]
 10393 | Lair:2   | Gained mutation: Your muscles are very strong. (Str +4)
                  | [Jiyva's grace]
 10393 | Lair:2   | Gained mutation: You are covered in fur. (AC +1) [Jiyva's
                  | grace]
 10528 | Lair:2   | Reached XP level 12. HP: 104/108 MP: 11/11
 10625 | Lair:2   | Noticed Urug
 10637 | Lair:2   | Killed Urug
 10867 | Lair:2   | Noticed Fannar
 10874 | Lair:2   | Killed Fannar
 10953 | Lair:2   | Reached skill level 10 in Throwing
 10953 | Lair:2   | Found a staircase to the Swamp.
 11116 | Lair:2   | Found a radiant altar of Vehumet.
 11626 | Lair:3   | You fall into a shaft and drop 2 floors!
 11626 | Lair:5   | Noticed a catoblepas
 11770 | Lair:3   | Identified the amulet "Buceifaf" {Acrobat rC+ MP-9 Str+4
                  | Int+2}
 11998 | Lair:3   | Found a staircase to the Snake Pit.
 12135 | Lair:3   | Lost mutation: You have claws for feet. [Jiyva's grace]
 12135 | Lair:3   | Lost mutation: You have razor-sharp toenails. [Jiyva's
                  | grace]
 12135 | Lair:3   | Lost mutation: Your system is resistant to poisons. (rPois)
                  | [Jiyva's grace]
 12135 | Lair:3   | Lost mutation: Your gelatinous body deflects attacks. (AC
                  | +3, EV +3) [Jiyva's grace]
 12135 | Lair:3   | Gained mutation: You are partially covered in iridescent
                  | scales. (AC +2) [Jiyva's grace]
 12135 | Lair:3   | Gained mutation: You are mostly covered in iridescent
                  | scales. (AC +4) [Jiyva's grace]
 12135 | Lair:3   | Gained mutation: You are completely covered in iridescent
                  | scales. (AC +6) [Jiyva's grace]
 12135 | Lair:3   | Gained mutation: You are partially covered in large bone
                  | plates. (SH +4) [Jiyva's grace]
 12611 | Lair:4   | Noticed an eight-headed hydra
 12616 | Lair:4   | Killed an eight-headed hydra
 12650 | Lair:4   | Noticed a seven-headed hydra
 12657 | Lair:4   | Killed a seven-headed hydra
 12668 | Lair:4   | Reached skill level 11 in Fighting
 12688 | Lair:4   | Identified the +0 robe of the Curious Dreams {Int+4}
 12702 | Lair:4   | Reached XP level 13. HP: 116/116 MP: 12/12
 12976 | Lair:3   | Reached skill level 12 in Fighting
 13287 | Lair:4   | Reached skill level 10 in Armour
 13330 | Lair:4   | Got the Grimoire of the Supportive Rocks
 13664 | Lair:5   | Noticed a quicksilver ooze
 13779 | Lair:5   | Reached ****** piety under Jiyva
 13815 | Lair:5   | Reached skill level 13 in Fighting
 13838 | Lair:5   | Lost mutation: You are completely covered in iridescent
                  | scales. (AC +6) [Jiyva's grace]
 13838 | Lair:5   | Lost mutation: You are very agile. (Dex +4) [Jiyva's grace]
 13838 | Lair:5   | Lost mutation: Your muscles are very strong. (Str +4)
                  | [Jiyva's grace]
 13838 | Lair:5   | Lost mutation: You are covered in slimy tendrils that may
                  | disarm your opponents. [Jiyva's grace]
 13838 | Lair:5   | Lost mutation: You expend magic power (3 MP) to strengthen
                  | your wands. [Jiyva's grace]
 13838 | Lair:5   | Gained mutation: You have razor-sharp toenails. [Jiyva's
                  | grace]
 13838 | Lair:5   | Gained mutation: You have claws for feet. [Jiyva's grace]
 13838 | Lair:5   | Gained mutation: Your system is resistant to poisons.
                  | (rPois) [Jiyva's grace]
 13838 | Lair:5   | Gained mutation: Armour fits poorly on your pseudopods.
                  | [Jiyva's grace]
 13840 | Lair:5   | Found a snail-covered altar of Cheibriados.
 14204 | Lair:5   | Found a transporter.
 14209 | Lair:5   | Found a transporter.
 14209 | Lair:5   | Noticed Etewkasm's ghost (journeyman TrMo)
 14212 | Lair:5   | Found the +4 moon troll leather armour {Spirit, Regen++
                  | MP+5}
 14398 | Lair:6   | Entered Level 6 of the Lair of Beasts
 14407 | Lair:6   | Reached skill level 1 in Evocations
 14778 | Lair:6   | Reached skill level 5 in Evocations
 15092 | Lair:6   | Found a viscous altar of Jiyva.
 15092 | Lair:6   | Found a staircase to the Slime Pits.
 15274 | Lair:6   | Reached XP level 14. HP: 63/129 MP: 13/13
 16132 | D:11     | Noticed Sonja
 16142 | D:11     | Killed Sonja
 16168 | D:11     | Noticed Erica
 16174 | D:11     | Killed Erica
 16452 | D:11     | Reached skill level 14 in Fighting
 16459 | D:11     | Lost mutation: You have claws for feet. [Jiyva's grace]
 16459 | D:11     | Lost mutation: You have razor-sharp toenails. [Jiyva's
                  | grace]
 16459 | D:11     | Lost mutation: You are agile. (Dex +2) [Jiyva's grace]
 16459 | D:11     | Lost mutation: Your system is resistant to poisons. (rPois)
                  | [Jiyva's grace]
 16459 | D:11     | Lost mutation: You are covered in fur. (AC +1) [Jiyva's
                  | grace]
 16459 | D:11     | Lost mutation: You have sharp toenails. [Jiyva's grace]
 16459 | D:11     | Gained mutation: You have large cloven feet. [Jiyva's
                  | grace]
 16459 | D:11     | Gained mutation: You have hoof-like feet. [Jiyva's grace]
 16459 | D:11     | Gained mutation: You have hooves in place of feet. [Jiyva's
                  | grace]
 16459 | D:11     | Gained mutation: Your spells are a little harder to cast,
                  | but a little more powerful. [Jiyva's grace]
 16547 | D:11     | Found a frozen archway.
 16596 | IceCv    | Entered an ice cave
 16916 | IceCv    | Identified the ring of Fragile Peace {rN+ Str+7 Int-2
                  | Dex+4}
 17322 | D:11     | Found Uhim's General Store.
 17416 | Orc:1    | Entered Level 1 of the Orcish Mines
 17688 | Orc:2    | Entered Level 2 of the Orcish Mines
 18038 | Orc:2    | Found Lotot's Armour Boutique.
 18107 | Orc:2    | Noticed an orc warlord
 18134 | Orc:2    | Killed an orc warlord
 18150 | Orc:2    | Reached skill level 15 in Fighting
 18258 | Orc:1    | Noticed an orc warlord
 18296 | Orc:2    | Killed an orc warlord
 18313 | Orc:2    | Found a staircase to the Elven Halls.
 18390 | Orc:2    | Found Woal's Gadget Gallery.
 18828 | Orc:2    | Noticed an orc warlord
 18851 | Orc:2    | Killed an orc warlord
 19050 | Orc:2    | Found Xoticvatt's Antique Weapon Shoppe.
 19052 | Orc:2    | Found Jisobrul's Antique Armour Emporium.
 19143 | Orc:2    | Found Jeskoxki's Distillery.
 19148 | Orc:2    | Bought a potion of heal wounds for 70 gold pieces
 19148 | Orc:2    | Bought a potion of heal wounds for 70 gold pieces
 19148 | Orc:2    | Bought a potion of haste for 140 gold pieces
 19148 | Orc:2    | Bought a potion of curing for 42 gold pieces
 19170 | Orc:2    | Bought a wand of mindburst (7) for 176 gold pieces
 19170 | Orc:2    | Bought a wand of iceblast (6) for 160 gold pieces
 19170 | Orc:2    | Bought a wand of flame (10) for 96 gold pieces
 19772 | D:12     | Identified the +9 falchion of Linearity {freeze, Int+2}
 19791 | D:12     | Reached XP level 15. HP: 143/143 MP: 14/14
 19820 | D:12     | Identified the amulet of Ecsiun {Acrobat Regen+}
 19841 | D:12     | Lost mutation: You have hooves in place of feet. [Jiyva's
                  | grace]
 19841 | D:12     | Lost mutation: Your spells are a little harder to cast, but
                  | a little more powerful. [Jiyva's grace]
 19841 | D:12     | Gained mutation: Your translucent skin slightly reduces
                  | your foes' accuracy. (Stealth+) [Jiyva's grace]
 19841 | D:12     | Gained mutation: Your translucent skin reduces your foes'
                  | accuracy. (Stealth+) [Jiyva's grace]
 19841 | D:12     | Gained mutation: Your transparent skin significantly
                  | reduces your foes' accuracy. (Stealth+) [Jiyva's grace]
 19841 | D:12     | Gained mutation: You expend magic power (3 MP) to
                  | strengthen your wands. [Jiyva's grace]
 20058 | D:12     | Found Rukkawn's Jewellery Boutique.
 20348 | D:13     | Found a transporter.
 20348 | D:13     | Found a transporter.
 20349 | D:13     | Noticed mathmaestro's ghost (journeyman TrMo)
 20391 | D:13     | Found a one-way gate to the infinite horrors of the Abyss.
 20518 | D:13     | Got Wequaz's Volume of Darkness
 20780 | D:13     | Found a gate to the Vaults.
 21054 | D:14     | Found Uleomun's Magic Scroll Shoppe.
 21527 | D:14     | Bought a scroll of blinking for 105 gold pieces
 21527 | D:14     | Bought a scroll of teleportation for 42 gold pieces
 21537 | D:14     | Cast into level 2 of the Abyss (a wizard)
 21592 | D:14     | Escaped the Abyss
 21620 | D:14     | Reached skill level 10 in Evocations
 22131 | D:14     | Found a snail-covered altar of Cheibriados.
 22215 | D:15     | Entered Level 15 of the Dungeon
 22235 | D:15     | Reached skill level 16 in Fighting
 22346 | D:15     | Found a shadowy altar of Dithmenos.
 22405 | D:15     | Lost mutation: Your pliable body absorbs attacks. (AC +2,
                  | EV +2) [Jiyva's grace]
 22405 | D:15     | Lost mutation: Your transparent skin significantly reduces
                  | your foes' accuracy. (Stealth+) [Jiyva's grace]
 22405 | D:15     | Lost mutation: Your translucent skin reduces your foes'
                  | accuracy. (Stealth+) [Jiyva's grace]
 22405 | D:15     | Lost mutation: You expend magic power (3 MP) to strengthen
                  | your wands. [Jiyva's grace]
 22405 | D:15     | Gained mutation: You possess an exceptional clarity of
                  | mind. [Jiyva's grace]
 22405 | D:15     | Gained mutation: Your mind is acute. (Int +2) [Jiyva's
                  | grace]
 22405 | D:15     | Gained mutation: Your mind is very acute. (Int +4) [Jiyva's
                  | grace]
 22405 | D:15     | Gained mutation: You are completely covered in iridescent
                  | scales. (AC +6) [Jiyva's grace]
 22706 | D:15     | Found a staircase to the Depths.
 22706 | D:15     | Noticed a frost giant
 22712 | D:15     | Killed a frost giant
 22713 | D:15     | Reached skill level 15 in Armour
 23799 | Snake:1  | Entered Level 1 of the Snake Pit
 23886 | Snake:1  | Reached skill level 5 in Dodging
 23895 | Snake:1  | Reached XP level 16. HP: 113/154 MP: 15/15
 24076 | Snake:1  | You fall into a shaft and drop 1 floor!
 24464 | Snake:2  | Found a runed translucent door.
 24465 | Snake:2  | Noticed Monica's ghost (journeyman TrMo)
 24588 | Snake:2  | Reached skill level 10 in Dodging
 24673 | Snake:1  | Reached skill level 1 in Polearms
 24683 | Snake:1  | Found Taen's Jewellery Boutique.
 24685 | Snake:1  | Found Vylim's Book Emporium.
 24686 | Snake:1  | Found Lacuiv's Jewellery Boutique.
 24784 | Snake:1  | Noticed an acid blob
 24784 | Snake:1  | a naga warrior changed into an acid blob
 25081 | Snake:1  | Noticed Aizul
 25094 | Snake:1  | Killed Aizul
 25095 | Snake:1  | Reached skill level 5 in Polearms
 25829 | Snake:2  | Found a hazy altar of Hepliaklqana.
 25914 | Snake:2  | Lost mutation: You have hoof-like feet. [Jiyva's grace]
 25914 | Snake:2  | Lost mutation: You have large cloven feet. [Jiyva's grace]
 25914 | Snake:2  | Lost mutation: You are completely covered in iridescent
                  | scales. (AC +6) [Jiyva's grace]
 25914 | Snake:2  | Lost mutation: Your translucent skin slightly reduces your
                  | foes' accuracy. (Stealth+) [Jiyva's grace]
 25914 | Snake:2  | Gained mutation: You are strong-willed. (Will+) [Jiyva's
                  | grace]
 25914 | Snake:2  | Gained mutation: You are highly strong-willed. (Will++)
                  | [Jiyva's grace]
 25914 | Snake:2  | Gained mutation: You are extremely strong-willed. (Will+++)
                  | [Jiyva's grace]
 25914 | Snake:2  | Gained mutation: You expend magic power (3 MP) to
                  | strengthen your wands. [Jiyva's grace]
 27033 | Snake:3  | Reached skill level 10 in Polearms
 27288 | Snake:4  | Entered Level 4 of the Snake Pit
 27440 | Snake:4  | Reached XP level 17. HP: 160/160 MP: 16/16
 27448 | Snake:4  | Found Ceefay's General Store.
 27453 | Snake:4  | Found Poxaidiyra's General Store.
 27453 | Snake:4  | Found Itzaqis's Armour Shoppe.
 28052 | Snake:4  | Found Zoph's Weapon Shoppe.
 28055 | Snake:4  | Bought a scroll of enchant weapon for 120 gold pieces
 28076 | Snake:4  | Bought a scroll of holy word for 150 gold pieces
 28286 | Snake:4  | Reached skill level 1 in Maces & Flails
 28384 | Snake:4  | Lost mutation: You are mostly covered in iridescent scales.
                  | (AC +4) [Jiyva's grace]
 28384 | Snake:4  | Lost mutation: You are partially covered in large bone
                  | plates. (SH +4) [Jiyva's grace]
 28384 | Snake:4  | Lost mutation: You are extremely strong-willed. (Will+++)
                  | [Jiyva's grace]
 28384 | Snake:4  | Lost mutation: You are highly strong-willed. (Will++)
                  | [Jiyva's grace]
 28384 | Snake:4  | Lost mutation: You are strong-willed. (Will+) [Jiyva's
                  | grace]
 28384 | Snake:4  | Gained mutation: You are covered in slimy tendrils that may
                  | disarm your opponents. [Jiyva's grace]
 28384 | Snake:4  | Gained mutation: You have a small jelly attached to you
                  | that senses nearby items. [Jiyva's grace]
 28384 | Snake:4  | Gained mutation: You have acidic saliva. [Jiyva's grace]
 28384 | Snake:4  | Gained mutation: Your natural rate of healing is unusually
                  | fast. [Jiyva's grace]
 28417 | Snake:4  | Reached skill level 5 in Maces & Flails
 28587 | Snake:4  | Learned a level 3 spell: Swiftness
 28877 | Snake:4  | Noticed a quicksilver dragon
 28887 | Snake:4  | Noticed a quicksilver dragon
 28891 | Snake:4  | Killed a quicksilver dragon
 29013 | Snake:3  | Reached skill level 17 in Fighting
 29104 | Snake:4  | Killed a quicksilver dragon
 29248 | Snake:4  | Got a serpentine rune of Zot
 29588 | Swamp:1  | Entered Level 1 of the Swamp
 29825 | Vaults:1 | Entered Level 1 of the Vaults
 30415 | Vaults:1 | Reached skill level 15 in Polearms
 30672 | Vaults:1 | Reached XP level 18. HP: 170/170 MP: 17/17
 31272 | Vaults:1 | Lost mutation: You possess an exceptional clarity of mind.
                  | [Jiyva's grace]
 31272 | Vaults:1 | Lost mutation: Your muscles are strong. (Str +2) [Jiyva's
                  | grace]
 31272 | Vaults:1 | Lost mutation: You have a small jelly attached to you that
                  | senses nearby items. [Jiyva's grace]
 31272 | Vaults:1 | Gained mutation: You have a beak for a mouth. [Jiyva's
                  | grace]
 31272 | Vaults:1 | Gained mutation: Armour fits poorly on your large
                  | pseudopods. [Jiyva's grace]
 31272 | Vaults:1 | Gained mutation: Armour fits poorly on your massive
                  | pseudopods. [Jiyva's grace]
 31272 | Vaults:1 | Gained mutation: You have hidden genetic potential.
                  | [Jiyva's grace]
 31295 | Vaults:1 | Got Luquheoh's Volume of Blistering Toxins
 32084 | Vaults:2 | You fall into a shaft and drop 2 floors!
 32242 | Vaults:3 | Found Awusk's Jewellery Shop.
 32675 | Vaults:3 | HP: 8/170 [vault warden simulacrum (37)]
 32898 | Vaults:3 | Paralysed by an ogre mage for 7 turns
 33026 | Vaults:3 | Reached skill level 18 in Fighting
 33043 | Vaults:3 | Reached XP level 19. HP: 76/179 MP: 18/18
 33183 | Vaults:2 | Reached skill level 19 in Fighting
 33406 | Vaults:2 | Lost mutation: You are covered in slimy tendrils that may
                  | disarm your opponents. [Jiyva's grace]
 33406 | Vaults:2 | Lost mutation: You expend magic power (3 MP) to strengthen
                  | your wands. [Jiyva's grace]
 33406 | Vaults:2 | Gained mutation: You have a pair of large horns on your
                  | head. [Jiyva's grace]
 33406 | Vaults:2 | Gained mutation: You have a small jelly attached to you
                  | that senses nearby items. [Jiyva's grace]
 33406 | Vaults:2 | Gained mutation: You are agile. (Dex +2) [Jiyva's grace]
 33406 | Vaults:2 | Gained mutation: You are very agile. (Dex +4) [Jiyva's
                  | grace]
 33410 | Vaults:2 | Identified the +12 plate armour of Luhoze {rF- Dex+5
                  | Slay+5}
 34017 | Vaults:2 | Found a staircase to the Crypt.
 34157 | Vaults:3 | Gained mutation: You expend magic power (3 MP) to
                  | strengthen your wands. [hidden potential]
 34181 | Vaults:3 | Reached skill level 20 in Fighting
 34555 | Vaults:3 | Lost mutation: You have a beak for a mouth. [Jiyva's grace]
 34555 | Vaults:3 | Lost mutation: Armour fits poorly on your massive
                  | pseudopods. [Jiyva's grace]
 34555 | Vaults:3 | Gained mutation: You are strong-willed. (Will+) [Jiyva's
                  | grace]
 34555 | Vaults:3 | Gained mutation: You are highly strong-willed. (Will++)
                  | [Jiyva's grace]
 34555 | Vaults:3 | Gained mutation: You are extremely strong-willed. (Will+++)
                  | [Jiyva's grace]
 34555 | Vaults:3 | Gained mutation: Your melee attacks may engulf your foes in
                  | ooze. [Jiyva's grace]
 35257 | Vaults:4 | Noticed Frederick
 35269 | Vaults:4 | Killed Frederick
 35288 | Vaults:4 | Reached skill level 21 in Fighting
 35554 | Vaults:4 | Noticed Rupert
 35567 | Vaults:4 | Killed Rupert
 35627 | Vaults:4 | Noticed Sojobo
 35627 | Vaults:4 | Noticed Agnes
 35718 | Vaults:4 | Killed Sojobo
 35719 | Vaults:4 | Reached skill level 22 in Fighting
 36287 | Vaults:4 | Reached XP level 20. HP: 202/202 MP: 19/19
 36287 | Vaults:4 | Cast into level 2 of the Abyss (Agnes)
 36477 | Abyss:2  | Noticed a bone dragon
 36493 | Abyss:2  | Killed a bone dragon
 36664 | Vaults:4 | Escaped the Abyss
 36686 | Vaults:4 | Killed Agnes
 37364 | D:12     | Bought a ring of poison resistance for 260 gold pieces
 37438 | D:14     | Bought a scroll of blinking for 105 gold pieces
 37438 | D:14     | Bought a scroll of fear for 49 gold pieces
 37692 | Swamp:1  | Noticed Donald
 37700 | Swamp:1  | Killed Donald
 37701 | Swamp:1  | Reached skill level 23 in Fighting
 37990 | Swamp:1  | Noticed Jorgrun
 38010 | Swamp:1  | Killed Jorgrun
 38521 | Swamp:2  | Lost mutation: You are partially covered in iridescent
                  | scales. (AC +2) [Jiyva's grace]
 38521 | Swamp:2  | Lost mutation: Your mind is very acute. (Int +4) [Jiyva's
                  | grace]
 38521 | Swamp:2  | Lost mutation: You are extremely strong-willed. (Will+++)
                  | [Jiyva's grace]
 38521 | Swamp:2  | Lost mutation: You are highly strong-willed. (Will++)
                  | [Jiyva's grace]
 38521 | Swamp:2  | Lost mutation: Your melee attacks may engulf your foes in
                  | ooze. [Jiyva's grace]
 38521 | Swamp:2  | Gained mutation: Armour fits poorly on your massive
                  | pseudopods. [Jiyva's grace]
 38521 | Swamp:2  | Gained mutation: You have supernaturally acute eyesight.
                  | (SInv) [Jiyva's grace]
 38521 | Swamp:2  | Gained mutation: Your body has grown eyes which may confuse
                  | attackers. (Acc +3) [Jiyva's grace]
 38521 | Swamp:2  | Gained mutation: Your body has grown many eyes which may
                  | confuse attackers. (Acc +5) [Jiyva's grace]
 38710 | Swamp:2  | Gained mutation: You have great hidden genetic potential.
                  | [hidden potential]
 38710 | Swamp:2  | Lost mutation: You have great hidden genetic potential.
                  | [hidden potential expressed]
 39442 | Swamp:3  | Found a transporter.
 39446 | Swamp:3  | Found a transporter.
 39446 | Swamp:3  | Noticed benadryl's ghost (adept TrBr)
 39450 | Swamp:3  | Identified the +4 plate armour "Yrij" {-Cast rF+ Slay+5
                  | SInv}
 39824 | Swamp:4  | Entered Level 4 of the Swamp
 39905 | Swamp:4  | Noticed Roxanne
 40047 | Swamp:4  | Killed Roxanne
 40090 | Swamp:4  | Paralysed by a fenstrider witch for 5 turns
 40527 | Swamp:4  | Reached skill level 24 in Fighting
 40534 | Swamp:4  | Noticed the 27-headed Lernaean hydra
 40552 | Swamp:4  | Killed the 27-headed Lernaean hydra
 40636 | Swamp:4  | Got a decaying rune of Zot
 41337 | D:3      | Found a burning altar of Makhleb.
 41465 | D:3      | Found a runed translucent door.
 41495 | D:3      | Found a transporter.
 41514 | D:3      | Found a transporter.
 41682 | D:3      | Killed Crazy Yiuf
 41747 | D:3      | Killed Hubris850's ghost
 42011 | D:13     | Killed mathmaestro's ghost
 42164 | D:7      | Killed enile's ghost
 42427 | Lair:5   | Killed Etewkasm's ghost
 42813 | Elf:1    | Entered Level 1 of the Elven Halls
 42815 | Elf:1    | Found Umnouru's Jewellery Shoppe.
 42877 | Elf:1    | You fall into a shaft and drop 1 floor!
 43001 | Elf:2    | Found Locrozeo's General Store.
 43027 | Elf:2    | Bought a scroll of summoning for 123 gold pieces
 43047 | Elf:2    | Found a runed translucent gate.
 43047 | Elf:2    | Found a runed translucent gate.
 43047 | Elf:2    | Found a runed translucent gate.
 43072 | Elf:2    | Noticed Nikola
 43076 | Elf:2    | Noticed Asterion
 43298 | Elf:2    | Lost mutation: You are very agile. (Dex +4) [Jiyva's grace]
 43298 | Elf:2    | Lost mutation: Your natural rate of healing is unusually
                  | fast. [Jiyva's grace]
 43298 | Elf:2    | Lost mutation: Your body has grown many eyes which may
                  | confuse attackers. (Acc +5) [Jiyva's grace]
 43298 | Elf:2    | Gained mutation: Your flesh is cold resistant. (rC+)
                  | [Jiyva's grace]
 43298 | Elf:2    | Gained mutation: Your flesh is very cold resistant. (rC++)
                  | [Jiyva's grace]
 43298 | Elf:2    | Gained mutation: Your flesh is almost immune to the effects
                  | of cold. (rC+++) [Jiyva's grace]
 43298 | Elf:2    | Gained mutation: Your body has grown many eyes which may
                  | confuse attackers. (Acc +5) [Jiyva's grace]
 43315 | Elf:2    | Killed Asterion
 43401 | Elf:2    | Paralysed by an air elemental for 1 turns
 43750 | Elf:2    | Reached XP level 21. HP: 110/211 MP: 20/20
 44138 | Elf:3    | Entered Level 3 of the Elven Halls
 44146 | Elf:3    | Paralysed by an air elemental for 1 turns
 44271 | Elf:3    | Found Horab's Armour Shop.
 44385 | Elf:3    | Reached skill level 25 in Fighting
 44988 | Elf:3    | Gained mutation: You are robust. (+10% HP) [hidden
                  | potential]
 45317 | Elf:3    | Identified the +11 hand crossbow of Growth {elec, rN+
                  | Will+}
 45348 | Elf:3    | Found the +0 staff of Battle
 46155 | Elf:1    | Lost mutation: You have supernaturally acute eyesight.
                  | (SInv) [Jiyva's grace]
 46155 | Elf:1    | Lost mutation: You have acidic saliva. [Jiyva's grace]
 46155 | Elf:1    | Lost mutation: Your body has grown many eyes which may
                  | confuse attackers. (Acc +5) [Jiyva's grace]
 46155 | Elf:1    | Lost mutation: Your body has grown eyes which may confuse
                  | attackers. (Acc +3) [Jiyva's grace]
 46155 | Elf:1    | Lost mutation: You expend magic power (3 MP) to strengthen
                  | your wands. [Jiyva's grace]
 46155 | Elf:1    | Gained mutation: Your pliable body absorbs attacks. (AC +2,
                  | EV +2) [Jiyva's grace]
 46155 | Elf:1    | Gained mutation: Your gelatinous body deflects attacks. (AC
                  | +3, EV +3) [Jiyva's grace]
 46155 | Elf:1    | Lost mutation: You have hidden genetic potential. [Jiyva's
                  | grace]
 46155 | Elf:1    | Gained mutation: You are somewhat resistant to further
                  | mutation. [Jiyva's grace]
 46155 | Elf:1    | Gained mutation: You are somewhat resistant to both further
                  | mutation and mutation removal. [Jiyva's grace]
 46745 | Snake:1  | Bought the ring of Ceshrean {rPois rC+ Will++ Int+4} for
                  | 689 gold pieces
 46812 | Snake:4  | Bought a potion of curing for 48 gold pieces
 47044 | D:11     | Bought a potion of curing for 48 gold pieces
 47159 | Depths:1 | Entered Level 1 of the Depths
 47230 | Depths:1 | Found an ornate altar of the Wu Jian Council.
 47250 | Depths:1 | Found Qoeph's Antique Armour Boutique.
 47513 | Depths:1 | Found a stormy altar of Qazlal.
 47640 | Depths:1 | Found a one-way gateway to a ziggurat.
 47640 | Depths:1 | Noticed an ancient lich
 47653 | Depths:1 | Killed an ancient lich
 47719 | Depths:1 | Found a gateway to Hell.
 47970 | Depths:2 | HP: 4/217 [spriggan berserker/+0 quarterstaff[a spriggan
                  | defender] (20)]
 47970 | Depths:2 | Slain by an iron dragon

Illustrated notes

Levels and vault maps discovered:
D:1:      spicycebolla_arrival_teleporter_tutorial, layout_basic,
          chequers_serial_rivers_small_b
D:2:      layout_rooms, basic_ecumenical_altar
D:3:      layout_loops_ring, mainiacjoe_overflow_cross_hatched,
          gammafunk_ghost_stat_death, lemuel_old_faithful,
          uniq_crazy_yiuf_cottage
D:4:      layout_loops_corners, serial_shops, nicolae_lakefront_shop,
          uniq_sigmund
D:5:      layout_loops_ring, nicolae_overflow_hidden_temple, uniq_eustachio
D:6:      layout_cave_pools, nicolae_ru_great_annihilating_truth
D:7:      nzn_winding_woodlands_three_and_one
          [nzn_winding_woodlands_5x15_longhouse,
          nzn_winding_woodlands_5x15_default,
          nzn_winding_woodlands_5x15_default,
          nzn_winding_woodlands_center_diamonds], layout_cave_pools,
          mainiacjoe_overflow_catwalk, minmay_temple_entry_offerings,
          ebering_ghost_disaster_area, serial_shops, nicolae_shop_crystal,
          grunt_ministairs_1
D:8:      layout_cave_pods, gammafunk_temple_overflow_claw,
          nicolae_ashenzari_skybound, lair_entry_dummy, hangedman_decor_growths,
          wad_floor_pattern_untrapped, uniq_pikel
D:9:      layout_basic, lemuel_coloured_pillars_altar, zombieorc2_lemuel,
          serial_shops, nicolae_shop_advertising_works
          [nicolae_subvault_shop_adworks], amcnicky_mini_corridor_feature,
          uniq_prince_ribbit1, uniq_maurice
D:10:     layout_stronghold, nicolae_wwwww, hangedman_abyss_or_decor_passed
D:11:     layout_roguey, portal_ice_cave_entry_animals_and_master, serial_shops,
          shop_fountains, st_stairs_12, minmay_puff, uniq_erica, uniq_sonja
D:12:     layout_rooms, serial_shops, nicolae_shop_statue_plus
D:13:     layout_small_grid, erik_vaults_2, gammafunk_ghost_abyssal_escape
D:14:     layout_rooms, serial_shops, shop, lemuel_tele_altar
D:15:     grunt_enter_depths_snipers, layout_basic, serial_rivers,
          chequers_serial_rivers_micro_d, chequers_serial_rivers_micro_a,
          chequers_serial_rivers_micro_d, chequers_serial_rivers_small_3,
          chequers_serial_rivers_micro_a, chequers_serial_rivers_micro_e,
          nicolae_dithmenos_shadow_blocks
Lair:1:   layout_cave_pods, grunt_megastairs_2, infiniplex_staircase_pool_2
Lair:2:   layout_cave_pods, nicolae_swamp_entry_splash_gauntlet, basic_altar,
          st_stairs_8, beast_lair_carwin_10, uniq_urug, uniq_fannar
Lair:3:   layout_cellular_growth, guppyfry_snake_entry_garden,
          nicolae_quartered_pool_medium, serial_bayou_pond_d, lemuel_fruit_tree
Lair:4:   lemuel_reptile_caves, layout_regular_city,
          nicolae_volcano_entry_lava_flow, hangedman_lair_generics_rect,
          serial_bayou_shore_a
Lair:5:   wad_woods_stonehenge, layout_small_grid, gammafunk_ghost_hive,
          nicolae_lair_time_for_slime, serial_bayou_shore_b
Lair:6:   minmay_lair_end_frog_pond, layout_cave_pods, slime_altar_1
Swamp:1:  nicolae_swamp_ascending_descending, layout_falls_marsh,
          evilmike_swamp_ruin_house_1, infiniplex_staircase_pool, uniq_donald,
          uniq_jorgrun
Swamp:2:  layout_basic_swamp, evilmike_swamp_ruin_rubble_1,
          hangedman_swamp_blocks
Swamp:3:  layout_basic_swamp, gammafunk_ghost_mausoleum,
          nicolae_swamp_feature_on_the_river_bank, swamp_pool4
Swamp:4:  swamp_old_school, layout_basic_swamp, swamp_pool3,
          nicolae_swamp_necromancer_hut, uniq_roxanne
Snake:1:  layout_concentric_octagons, hangedman_snake_pattern,
          minmay_shop_grove, uniq_aizul
Snake:2:  layout_chambers, basic_altar, hellmonk_ghost_happy_afterlife,
          grunt_megastairs_5, serial_bayou_shore_b
Snake:3:  layout_misc_corridors
Snake:4:  hellmonk_snake_rune_quicksilver_temple, layout_misc_corridors,
          special_room, st_stairs_13, minmay_shop_grid_forest,
          nrook_loot_triangle, grunt_ministairs_15
Orc:1:    layout_diamond_mine, serial_shops, nicolae_orc_crystal_geode
Orc:2:    grunt_orc_community_town_hall, layout_diamond_mine,
          grunt_orc_community_big_house_2, grunt_orc_community_big_house_2,
          grunt_orc_community_house_3, grunt_orc_community_house_3,
          grunt_orc_community_house_1, grunt_orc_community_house_1,
          grunt_orc_community_house_1, nicolae_shop_gadgets
Elf:1:    layout_geoelf_octagon, serial_shops, nicolae_take_the_stairs,
          evilmike_minifort
Elf:2:    elven_hall_of_blades_hangedman_original [nicolae_blade_tridents],
          layout_gridlike, serial_shops, shop, uniq_asterion, uniq_nikola,
          uniq_agnes
Elf:3:    grunt_elf_hall_diamonds, layout_geoelf_octagon, serial_shops,
          shop_statue, serial_sigils_hangedman_confine
Vaults:1: nicolae_vaults_rhombus_7, v_misc_3, dpeg_vaults_monster_row,
          hangedman_vaults_snaps, vaults_mumra_chevron, v_misc_11,
          ontoclasm_vaults_gateway, nicolae_vaults_alarming,
          hangedman_vaults_trim, vaults_room_hangedman_quadrants,
          nicolae_vaults_ring_of_whatevers, layout_vaults_omnigrid
Vaults:2: minmay_crypt_entry_simple_walls, v_misc_10, vaults_room_hallway,
          vaults_mumra_minichess, v_misc_14, vaults_room_pools,
          layout_vaults_chaotic_city
Vaults:3: vaults_dpeg_spiral, ontoclasm_vaults_shuriken, v_pattern_3, v_misc_24,
          v_misc_22, st_cells, grunt_vaults_hallway_short, v_misc_3,
          nicolae_vaults_mini_display_case, vaults_room_boxed,
          vaults_room_octagon, v_alt_pattern_5, nicolae_vaults_border_crossing,
          vaults_room_hallway, vaults_room_pools, layout_vaults_big_cross,
          serial_shops, shop
Vaults:4: v_alt_pattern_3, nicolae_vaults_ring_of_whatevers,
          vaults_standard_mumra_x, sword_in_stone, v_misc_18, v_misc_15,
          ontoclasm_vaults_ligature, v_misc_23, nicolae_vaults_little_squares_4,
          v_misc_14, vaults_mumra_hex, nicolae_vaults_twisting_passages,
          v_misc_16, dpeg_vaults_monster_box, v_pattern_1, vaults_dpeg_ring,
          layout_vaults_omnibox, uniq_frederick
Depths:1: layout_basic, enter_ziggurat_c, grunt_qazlal_clouds, serial_shops,
          shop_statue, hellmouth_3, nicolae_wu_jian_wuxing_cycle
Depths:2: cheibrodos_quadrivalence, layout_basic, pan_entry,
          grunt_mini_vestibule, nicolae_twisting_strands,
          infiniplex_staircase_zigzag_2

Skill      XL: |  1  2  3  4  5  6  7  8  9 10 11 12 13 14 15 16 17 18 19 20 21 |
---------------+----------------------------------------------------------------+-----
Staves         | 4 5 6 7 8 9 11 14 17 | 17.3
Armour         | 7 8 10 14 15 17 20 21 | 21.0
Fighting       | 8 10 11 13 15 16 17 18 22 24 25 | 25.4
Throwing       | 8 12 | 12.7
Evocations     | 6 10 13 | 13.8
Dodging        | 5 10 | 10.2
Polearms       | 10 15 18 | 18.3
Maces & Flails | 6 |  6.9

Action                   |  1- 3 |  4- 6 |  7- 9 | 10-12 | 13-15 | 16-18 | 19-21 || total
-------------------------+-------+-------+-------+-------+-------+-------+-------++-------
Melee: Quarterstaff      |    30 |    32 |    80 |   380 |   985 |   399 |    64 ||  1970
       Headbutt          |     4 |     5 |    16 |    78 |   217 |   332 |   401 ||  1053
       Kick              |       |       |       |   101 |   275 |       |       ||   376
       Pseudopods        |       |       |       |       |   192 |   374 |   374 ||   940
       Glaive            |       |       |       |       |       |  1013 |  1354 ||  2367
       Bite              |       |       |       |       |       |   133 |   179 ||   312
       Peck              |       |       |       |       |       |    73 |    41 ||   114
       Lajatang          |       |       |       |       |       |       |    85 ||    85
       Morningstar       |       |       |       |       |       |       |    15 ||    15
       Punch             |       |       |       |       |       |       |     1 ||     1
       Trident           |       |       |       |       |       |       |     5 ||     5
 Fire: Arbalest          |    82 |    27 |    96 |    63 |     1 |       |       ||   269
       Hunting sling     |       |       |       |       |    89 |       |       ||    89
Throw: Dart              |       |       |       |     1 |   126 |     2 |       ||   129
       Javelin           |       |       |       |    15 |    23 |     7 |     1 ||    46
       Throwing net      |       |       |       |       |     2 |       |     1 ||     3
       Boomerang         |       |       |       |       |       |    20 |    72 ||    92
Invok: Oozemancy         |       |       |     6 |     8 |    15 |    17 |    13 ||    59
       Slimify           |       |       |       |       |       |     2 |       ||     2
Evoke: Wand              |       |       |       |    11 |    24 |    47 |    26 ||   108
       Box of beasts     |       |       |       |       |     1 |     9 |     9 ||    19
       Phial of floods   |       |       |       |       |       |     2 |    11 ||    13
       Piece from Xom's  |       |       |       |       |       |       |     6 ||     6
       Tin of tremorston |       |       |       |       |       |       |     8 ||     8
       Lightning rod     |       |       |       |       |       |       |     4 ||     4
       Condenser vane    |       |       |       |       |       |       |     2 ||     2
  Use: Potion            |       |     3 |       |       |       |    14 |     9 ||    26
       Scroll            |       |     7 |     5 |     6 |    12 |    13 |    15 ||    58
 Stab: Paralysed         |       |       |       |       |     2 |     1 |       ||     3
       Held in net/web   |       |       |       |       |     4 |       |       ||     4
       Distracted        |       |       |       |       |       |     2 |     3 ||     5
       Confused          |       |       |       |       |       |       |     9 ||     9
Armor: Leather armour    |     5 |       |       |       |       |       |       ||     5
       Ring mail         |    23 |    15 |    13 |       |       |       |       ||    51
       Plate armour      |       |       |    29 |   227 |   324 |   117 |   687 ||  1384
       Chain mail        |       |       |       |       |    17 |   397 |       ||   414
Dodge: Dodged            |    54 |    58 |    68 |   229 |   658 |  1194 |   971 ||  3232
Block: Other             |       |       |       |    15 |   141 |    93 |       ||   249

Table legend: (Time is in decaauts)
 A = Elapsed time spent in this place.
 B = Non-inter-level travel time spent in this place.
 C = Inter-level travel time spent in this place.
 D = Time resting spent in this place.
 E = Time spent auto-exploring this place.
 F = Levels seen in this place.
 G = Mean time per level.
                   A        B        C        D        E       F      G
               +--------+--------+--------+--------+--------+-----+--------+
         Total |  47193 |  42238 |   4955 |   6533 |  22762 |  43 | 1097.5 |
       Dungeon |  16483 |  14009 |   2474 |   2362 |   8513 |  15 | 1098.9 |
          Lair |   7776 |   6532 |   1244 |    743 |   3890 |   6 | 1296.0 |
         Swamp |   3474 |   3296 |    178 |    556 |   1726 |   4 |  868.5 |
     Snake Pit |   5598 |   5360 |    238 |    877 |   2803 |   4 | 1399.5 |
  Orcish Mines |   2192 |   1990 |    202 |    531 |    625 |   2 | 1096.0 |
   Elven Halls |   3588 |   3426 |    162 |    494 |   1495 |   3 | 1196.0 |
        Vaults |   6430 |   5976 |    454 |    721 |   3206 |   4 | 1607.5 |
        Depths |    778 |    778 |      0 |     19 |    370 |   2 |  389.0 |
         Abyss |    405 |    405 |      0 |     60 |     58 |   2 |  202.5 |
      Ice Cave |    466 |    466 |      0 |    165 |     74 |   1 |  466.0 |
               +--------+--------+--------+--------+--------+-----+--------+

Top non-repeatable levels by time:
Vaults:1: 2068 daAuts
  Lair:2: 1830 daAuts
     D:8: 1748 daAuts
Vaults:3: 1663 daAuts
   Orc:2: 1660 daAuts
 Snake:4: 1601 daAuts
    D:13: 1599 daAuts
 Snake:2: 1567 daAuts
Vaults:4: 1514 daAuts
  Lair:6: 1422 daAuts
     D:7: 1411 daAuts
     D:9: 1411 daAuts
  Lair:1: 1369 daAuts
     D:6: 1366 daAuts
    D:15: 1358 daAuts
